 Dungeon Crawl Stone Soup version 0.28-a0-43-g560ac104fe (webtiles) character file.

Game seed: 13013455274639378200

102 Sobieck the Conjurer (level 4, -2/24 HPs)
             Began as a Deep Elf Conjurer on July 28, 2021.
             Slain by Purgy (4 damage)
             ... on level 3 of the Dungeon.
             The game lasted 00:03:55 (2152 turns).

Sobieck the Conjurer (Deep Elf Conjurer)            Turns: 2152, Time: 00:03:56

Health: -2/24      AC:  2    Str:  4    XL:     4   Next: 49%
Magic:  3/13       EV: 13    Int: 24    God:
Gold:   72         SH:  0    Dex: 19    Spells: 10/13 levels left

rFire   . . .      SeeInvis .   d - +2 dagger (drain) {short}
rCold   . . .      Faith    .   (no shield)
rNeg    . . .      Spirit   .   a - +0 robe
rPois   .          Reflect  .   (no helmet)
rElec   .          Harm     .   (no cloak)
rCorr   .          Rampage  .   (no gloves)
Will    .....                   (no boots)
Stlth   ++........              (no amulet)
HPRegen 0.08/turn               k - +6 ring of dexterity
MPRegen 0.13/turn               (no ring)

@: very slightly contaminated
A: no striking features
a: no special abilities


You were on level 3 of the Dungeon.
You visited 1 branch of the dungeon, and saw 4 of its levels.

You collected 72 gold pieces.


   Skills:
 - Level 2.4 Dodging
 - Level 2.4 Stealth
 + Level 5.0 Spellcasting
 + Level 5.6 Conjurations


You had 10 spell levels left.
You knew the following spells:

 Your Spells              Type           Power      Damage    Failure   Level
a - Magic Dart            Conj           100%       1d8       1%          1
b - Searing Ray           Conj           64%        3d5       1%          2

Your spell library contained the following spells:

 Spells                   Type           Power      Damage    Failure   Level
 Dazzling Flash           Conj/Hex       38%        N/A       9%          3
 Ozocubu's Armour         Ice            6%         N/A       26%         3
 Fulminant Prism          Conj/Hex       9%         3d7       28%         4
 Iskenderun's Mystic Bla  Conj/Tloc      19%        2d6       28%         4
 Ozocubu's Refrigeration  Ice            3%         4d5       100%        7

Inventory:

Hand Weapons
 b - a +0 short sword {short}
   (You took it off a kobold on level 1 of the Dungeon)
 d - a +2 dagger of draining (weapon) {short}
   (You took it off a kobold on level 1 of the Dungeon)
Missiles
 e - 5 poisoned darts {throwing}
 f - 34 stones {throwing}
 j - 2 boomerangs {throwing}
 l - 23 arrows
 n - 15 bolts
Armour
 a - a +0 robe (worn)
 h - a +3 scale mail of fire resistance
   (You took it off Terence on level 2 of the Dungeon)
Jewellery
 k - a +6 ring of dexterity (left hand)
   (You found it on level 2 of the Dungeon)
Wands
 g - a wand of flame (19)
   (You found it on level 2 of the Dungeon)
Scrolls
 c - a scroll of identify {@r1}
 i - a scroll of fear
Potions
 m - a potion of curing {unknown}

Dungeon Overview and Level Annotations

Branches:
Dungeon (4/15)
 Temple: D:4-7

Altars:

Annotations:
D:2 Sigmund
D:3 Purgy

#...#..#..#...#..#..#.......
#....###...#.#...###........
##..#...#...#...#...#.......
#.#.....#..#..#....[#.)....
#........#####.............
#.#.....#..#..#.....#......
#..#...#...#...#†..#..#####
#...###..T#.#...###...# ###
#..# #).#@..#..# #.....†.
#.# ###.....### #..#### #.
#.....# ..# # #.....#
.#...#.# ...#.#...#
............ ######.......
######


You could see Purgy.


Message History

You lost 1 mp, and now have 12/13 mp.
You can't see any susceptible monsters within range! (Use Z to cast anyway.)
You can't see any susceptible monsters within range! (Use Z to cast anyway.)
j - 2 boomerangs {throwing}
Things that are here:
a +2 dagger of speed {short}; a +0 leather armour You see here a rat corpse.
A bat comes into view.
You see here a bubbling red potion. 😎 MP[+1]
Your mp is fully restored (13).
The magic dart hits the bat.
You kill the bat! 😎 MP[-1]
You lost 1 mp, and now have 12/13 mp.
m - a bubbling red potion 😎 MP[+1]
Your mp is fully restored (13).
n - 15 bolts
f - 34 stones {throwing} (gained 22) Purgy the Meek comes into view.
Purgy shouts!
The magic dart hits Purgy but does no damage. 😎 MP[-1]
You lost 1 mp, and now have 12/13 mp.
Casting: Magic Dart (safe; 1% risk of failure)
Confirm with . or Enter, or press ? or * to list all spells.
Aiming: Searing Ray (safe; 1% risk of failure)
Press: ? - help, Shift-Dir - straight line, f/p - Purgy
Aim: Purgy (76% to hit)
The searing ray hits Purgy! (Press . to maintain the ray.) 😎 MP[-2]
You lost 2 mp, and now have 10/13 mp.
Unknown command.
Casting: Searing Ray (safe; 1% risk of failure)
Confirm with . or Enter, or press ? or * to list all spells.
Okay, then. 😎 MP[+1]
Casting: Searing Ray (safe; 1% risk of failure)
Confirm with . or Enter, or press ? or * to list all spells.
Aiming: Searing Ray (safe; 1% risk of failure)
Press: ? - help, Shift-Dir - straight line, f/p - Purgy
Aim: Purgy (76% to hit)
You miscast Searing Ray.
You are very lightly contaminated with residual magic.
Nothing appears to happen.
Purgy barely misses you. Purgy claws you. x2 😕 HP[-2] MP[-2]
You take 2 damage, and now have 22/24 hp.
You lost 2 mp, and now have 9/13 mp.
Purgy closely misses you. Purgy claws you but does no damage.
Purgy closely misses you.
Unknown command.
Casting: Searing Ray (safe; 1% risk of failure)
Confirm with . or Enter, or press ? or * to list all spells.
Aiming: Searing Ray (safe; 1% risk of failure)
Press: ? - help, Shift-Dir - straight line, f/p - Purgy
Aim: Purgy (76% to hit)
The searing ray misses Purgy. (Press . to maintain the ray.) Purgy misses you.
Purgy claws you. x2 😮 HP[-5] MP[-2]
You take 5 damage, and now have 17/24 hp.
MASSIVE DAMAGE!! (PAUSE)
You lost 2 mp, and now have 7/13 mp.
The searing ray hits Purgy!
Purgy bites you!
* * * LOW HITPOINT WARNING * * *
Purgy claws you.
* * * LOW HITPOINT WARNING * * *
Purgy claws you but does no damage. 😨 HP[-10] MP[-1]
You take 10 damage, and now have 7/24 hp.
MASSIVE DAMAGE!! (PAUSE)
You lost 1 mp, and now have 6/13 mp.
The searing ray hits Purgy!
Purgy snarls, "Go!
Away!"
Purgy bites you.
* * * LOW HITPOINT WARNING * * *
Purgy barely misses you.
Purgy completely misses you. 😱 HP[-3] MP[-1]
You take 3 damage, and now have 4/24 hp.
You lost 1 mp, and now have 5/13 mp.
Unknown command.
The searing ray hits Purgy!
You finish channeling your searing ray.
Purgy closely misses you. Purgy claws you.
* * * LOW HITPOINT WARNING * * *
Purgy barely misses you. 😱 HP[-2] MP[-1]
You take 2 damage, and now have 2/24 hp.
You lost 1 mp, and now have 4/13 mp.
Unknown command.
Casting: Searing Ray (safe; 1% risk of failure)
Confirm with . or Enter, or press ? or * to list all spells.
Aiming: Searing Ray (safe; 1% risk of failure)
Press: ? - help, Shift-Dir - straight line, f/p - Purgy
Aim: Purgy (severely wounded, 76% to hit)
The searing ray hits Purgy. (Press . to maintain the ray.) Purgy bites you.
You die...

Skill      XL: |  1  2  3  4 |
---------------+-------------+-----
Spellcasting   | 4 5 |  5.0
Conjurations   | 5 |  5.6
Dodging        | |  2.4
Stealth        | |  2.4

Action                   |  1- 3 |  4- 6 || total
-------------------------+-------+-------++-------
Melee: Dagger            |     6 |       ||     6
 Cast: Magic Dart        |    58 |     6 ||    64
       Searing Ray       |     3 |     4 ||     7
  Use: Scroll            |     2 |       ||     2
Armor: Robe              |       |     2 ||     2
Dodge: Dodged            |    12 |     8 ||    20

Levels and vault maps discovered:
D:1:      sevenhm_arrival_forest_fort_large_4, layout_basic,
          shapermc_ecumenical_altar_starsandcircs, minmay_hedge_maze
D:2:      layout_basic, kennysheep_small_spiral, minmay_tromino_v4_c,
          uniq_terence, uniq_sigmund
D:3:      layout_basic, minmay_splitting_lines, uniq_purgy
D:4:      layout_loops_cross, minmay_box_of_dots, uniq_pikel

Notes
Turn   | Place    | Note
-------+----------+-------------------------------------------
     0 | D:1      | Sobieck the Deep Elf Conjurer began the quest for the Orb.
     0 | D:1      | Reached XP level 1. HP: 10/10 MP: 6/6
     0 | D:1      | magus.rc [v1.9.6]
   107 | D:1      | Reached XP level 2. HP: 15/15 MP: 2/8
   554 | D:1      | Found a faded altar of an unknown god.
   824 | D:1      | You add the spells Ozocubu's Armour and Ozocubu's
                  | Refrigeration to your library.
   942 | D:1      | Learned a level 2 spell: Searing Ray
   962 | D:1      | Reached skill level 4 in Spellcasting
  1431 | D:2      | Reached skill level 5 in Conjurations
  1431 | D:2      | Reached XP level 3. HP: 19/19 MP: 3/10
  1431 | D:2      | Noticed Sigmund
  1626 | D:2      | Noticed Terence
  1635 | D:2      | Killed Terence
  1956 | D:3      | Reached XP level 4. HP: 24/24 MP: 6/12
  1960 | D:3      | Reached skill level 5 in Spellcasting
  2129 | D:3      | Noticed Purgy
  2150 | D:3      | HP: 4/24 [Purgy (3)]
  2152 | D:3      | Slain by Purgy

Vanquished Creatures
  An orc priest (D:3)
  Terence (D:2)
  2 dart slugs (D:1)
  4 orcs (D:3)
  5 bats
  An endoplasm (D:2)
  2 giant cockroaches (D:1)
  A goblin (D:2)
  3 hobgoblins (D:2)
  6 jackals (D:1)
  4 kobolds
  A quokka (D:3)
  A frilled lizard (D:1)
  5 rats
37 creatures vanquished.

Table legend:
 A = Non-vault XP
 B = Vault XP
 C = Vault XP percentage of total XP
 D = Non-vault monster count
 E = Vault monster count
 F = Vault count percentage of total count
                 A         B        C        D         E       F
            +---------+---------+-------+---------+---------+-------
      Total |     107 |      39 |  26.7 |      35 |       2 |   5.4
            +---------+---------+-------+---------+---------+-------
        D:1 |      36 |       0 |   0.0 |      18 |       0 |   0.0
        D:2 |      14 |      39 |  73.6 |       9 |       2 |  18.2
        D:3 |      57 |       0 |   0.0 |       8 |       0 |   0.0
            +---------+---------+-------+---------+---------+-------

Illustrated notes

Table legend:
 A = Kills in this place as a percentage of kills in entire the game.
 B = Kills by you in this place as a percentage of kills by you in the entire game.
 C = Kills by friends in this place as a percentage of kills by friends in the entire game.
 D = Other kills in this place as a percentage of other kills in the entire game.
 E = Experience gained in this place as a percentage of experience gained in the entire game.
 F = Experience gained in this place divided by the number of levels of this place that you have seen.
                   A       B       C       D       E      F
               +-------+-------+-------+-------+-------+----------------------
         Total | 100.0 | 100.0 |   N/A |   N/A | 100.0 |  36.5
       Dungeon | 100.0 | 100.0 |   N/A |   N/A | 100.0 |  36.5
               +-------+-------+-------+-------+-------+----------------------

Table legend: (Time is in decaauts)
 A = Elapsed time spent in this place.
 B = Non-inter-level travel time spent in this place.
 C = Inter-level travel time spent in this place.
 D = Time resting spent in this place.
 E = Time spent auto-exploring this place.
 F = Levels seen in this place.
 G = Mean time per level.
                   A        B        C        D        E       F      G
               +--------+--------+--------+--------+--------+-----+--------+
         Total |   2151 |   2077 |     74 |     47 |   1831 |   4 |  537.8 |
       Dungeon |   2151 |   2077 |     74 |     47 |   1831 |   4 |  537.8 |
               +--------+--------+--------+--------+--------+-----+--------+

Top non-repeatable levels by time:
     D:1: 1327 daAuts
     D:2: 579 daAuts
     D:3: 239 daAuts
     D:4: 5 daAuts
